Unix NetHack Version 5.0.0-0 post-release - last build Jun 10 2026 00:39:30 (3ee93aec679c4c4259841fe613dc97188e26a321,branch:main).

Game began 2026-06-17 21:19:45, ended 2026-06-30 18:21:09.

BeardyHaddock, neutral male gnomish Archeologist

 --                                                 ##  -----  --
--.                         ------    ------------ -...--...---.--
|...-        --- -----------|.....     ...........-|.........|...--
|....-      --.--|...|......|....-----  -.....%....|..--..........|
 -....   ----...--...|._....-....|...|  |........{....-|..........|
--.....--|...........|      |....-...|  |  .---.....#..|.........--
|........|...........--------....----|    .|  |........|......---
 -...................................|-+-..|  --+--...----........-
--...................-------------|---.....-+--   |...|..|....-----
|................--..|...|...|..|.............|   |...-..|......|
-- --................|...[..)|..|...{..------+-   |...----......|
    |...>.........|..|...|...-|--......|@o.|  ----|........<..---
    |...........----.-----...........do-.m@|  |...|........|..|
    |......|.----  -.........-|---|--..|.(@|--|...|..-----.|---
    -.-------     |..--|---|-|..|...|..-----..|...|..|...|.|
    .             |..|...|...|..|."?|.........--|--..-...|.-
                  |..|...|...|..|.[?|................| ..|.
                  --.|--------..----|................| --|.
                   ---        #**###...-.-------------   ---
                               #####*`#.--
                               ####`  #
BeardyHaddock the Field Worker  St:12 Dx:9 Co:14 In:17 Wi:16 Ch:12  Neutral
Dlvl:7  $:374 HP:0(36) Pw:20(20) AC:5  Xp:5 T:3681 

Latest messages:
 You swap places with the peaceful watchman.
 You hear crashing rock.
 What do you want to drop? [$ace-hjl-npsvwyzGJ-N or ?*] e
 You drop a +2 pick-axe.
 "Hello, BeardyHaddock!  Welcome again to Corsh's hardware store!"
 You do not owe Corsh anything.
 You stop.  The watchman is in the way!
 You see here a lock pick (for sale, 20 zorkmids).
 You see here a whistle (for sale, 10 zorkmids).
 That bag is a giant mimic!
 You cannot escape from the giant mimic!
 Are you sure you want to pray? [yn] (n) y
 You begin praying to Camaxtli.
 You are surrounded by a shimmering light.
 You finish your prayer.
 You feel that Camaxtli is well-pleased.
 You cannot escape from the giant mimic!
 What do you want to write with? [- agsvwz or ?*] -
 You write in the dust with your fingertip.
 What do you want to write in the dust here? Elbereth
 You cannot escape from the giant mimic!
 You get released!
 The giant mimic turns to flee.
 You do not owe Corsh anything.
 The hill orc hits!
 You hear crashing rock.
 Something is written here in the dust.
 You read: "Elberetr".
 You see here a whistle (for sale, 10 zorkmids).
 You see here a bag (for sale, 100 zorkmids).
 The hill orc drinks a potion of extra healing!
 The hill orc looks much better.
 You carefully open the bag...
 It develops a huge set of teeth and bites you!
 The giant mimic hits!
 The giant mimic hits again!
 What do you want to write with? [- agsvwz or ?*] -
 You write in the dust with your fingertip.
 What do you want to write in the dust here? Elbereth
 The large dog drops a crude dagger.
 The large dog bites it.
 It misses the large dog.
 The giant mimic hits!
 You die...
 Corsh gratefully inherits all your possessions.
 Do you want to see what you had when you died? [ynq] (y) y
 Do you want to see your attributes? [ynq] (y) n
 Do you want an account of creatures vanquished? [ynaq] (y) n
 Do you want to see your conduct and achievements? [ynq] (y) n
 Do you want to see the dungeon overview? [ynq] (y) n

Inventory:
 Coins    ('$')
  $ - 374 gold pieces
 Weapons  (')')
  s - 7 +0 arrows
  w - 9 +0 darts (at the ready)
  z - 6 +0 shuriken
  a - a +2 bullwhip (alternate weapon; not wielded)
 Armor    ('[')
  c - an uncursed +0 fedora (being worn)
  m - an uncursed +0 elven mithril-coat (being worn)
 Comestibles  ('%')
  M - 2 uncursed slime molds
  N - an uncursed cram ration
  G - an uncursed food ration
  J - an uncursed food ration
  L - an uncursed food ration
  K - an uncursed fortune cookie
 Wands    ('/')
  v - a wand of digging (0:7)
 Tools    ('(')
  h - an empty uncursed sack
  y - an uncursed blindfold
  j - an uncursed lock pick
  l - an uncursed magic whistle
  p - an uncursed skeleton key
  n - an uncursed tin whistle
  f - a tinning kit (0:45)
 Gems/Stones  ('*')
  g - an uncursed touchstone

BeardyHaddock the Archeologist's attributes:

Background:
 You were a Field Worker, a level 5 male gnomish Archeologist.
 You were neutral, on a mission for Camaxtli
 who was opposed by Quetzalcoatl (lawful) and Huhetotl (chaotic).
 You were right-handed.
 You were in the Gnomish Mines, on level 7.
 You entered the dungeon 3681 turns ago.
 There was a full moon in effect when your adventure ended.
 You had 202 experience points, 118 more were needed to attain level 6.

Basics:
 You had 0 out of 36 hit points.
 You had all 20 energy points (spell power).
 Your armor class was 5.
 Your wallet contained 374 zorkmids.
 Autopickup was off.

Final Characteristics:
 Your strength was 12 (limit:18/50).
 Your dexterity was 9 (limit:18).
 Your constitution was 14 (limit:18).
 Your intelligence was 17 (limit:19).
 Your wisdom was 16 (limit:18).
 Your charisma was 12 (limit:18).

Final Status:
 You were held by a giant mimic (west).
 You weren't hungry.
 You were unencumbered.
 You were bare handed.
 You were unskilled in bare handed combat.

Final Attributes:
 You were piously aligned.
 You had automatic searching.
 You had infravision.
 You were stealthy.
 You were guarded.
 You were fast.
 You were lucky.
 You are dead.

Miscellaneous:
 You didn't encounter any bones levels.
 Total elapsed playing time was 1 hour and 38 minutes.

Major events:
 Turn
    1: BeardyHaddock the neutral male gnomish Archeologist entered the dungeon
 1574: attained the rank of Field Worker (level 3)
 2291: entered the Gnomish Mines
 3439: reached Mine Town
 3681: killed by a giant mimic

You didn't know any spells.

Skills:
 Fighting Skills
   bare handed combat [Unskilled]
   two weapon combat  [Unskilled]
   riding             [Unskilled]
 Weapon Skills
   dagger             [Unskilled]
   knife              [Unskilled]
   pick-axe           [Basic]
   short sword        [Unskilled]
   saber              [Unskilled]
   club               [Unskilled]
   quarterstaff       [Unskilled]
   sling              [Unskilled]
   dart               [Unskilled]
   boomerang          [Unskilled]
   whip               [Basic]
   unicorn horn       [Unskilled]
 Spellcasting Skills
   attack spells      [Unskilled]
   healing spells     [Unskilled]
   divination spells  [Unskilled]
   matter spells      [Unskilled]

Voluntary challenges:
 Character rerolling was not enabled.
 You never genocided any monsters.
 You never polymorphed an object.
 You never changed form.
 You used no wishes.
Achievements:
 You entered a shop.
 You attained the rank of Field Worker.
 You entered the Gnomish Mines.
 You entered Minetown.

 The Dungeons of Doom: levels 1 to 4
    Level 1:
       An altar to Camaxtli, a fountain.
    Level 2:
       Some graves.
    Level 3:
       A ring shop, a fountain.
    Level 4:
       An altar, a fountain.
       Stairs down to The Gnomish Mines.
 The Gnomish Mines: levels 5 to 7
    Level 5:
    Level 6:
    Level 7: <- You were here.
       Many shops, an altar to Camaxtli, some fountains, a tree.
       Final resting place for
          you, killed by a giant mimic.


Vanquished creatures:
  a leprechaun
  a mountain nymph
  a rock mole
  a fog cloud
  a shrieker
  2 gray oozes
  a kitten
  2 dwarves
  a homunculus
  3 rothes
  a giant bat
  4 iguanas
 an acid blob
  2 gas spores
  a large kobold
  3 giant rats
  a cave spider
  a yellow mold
  5 gnomes
  2 gnome zombies
  4 geckos
  7 jackals
  2 foxes
  a kobold
  2 goblins
  4 sewer rats
  7 grid bugs
  2 bats
  4 lichens
  a kobold zombie
  6 newts
75 creatures vanquished.

No species were genocided or became extinct.

Game over:
                       ----------
                      /          \
                     /    REST    \
                    /      IN      \
                   /     PEACE      \
                  /                  \
                  |  BeardyHaddock   |
                  |      374 Au      |
                  |   killed by a    |
                  |   giant mimic    |
                  |                  |
                  |                  |
                  |       2026       |
                 *|     *  *  *      | *
        _________)/\\_//(\/(/\)/\//\/|_)_______

Goodbye BeardyHaddock the Archeologist...

You died in The Gnomish Mines on dungeon level 7 with 1515 points,
and 374 pieces of gold, after 3681 moves.
You were level 5 with a maximum of 36 hit points when you died.

